 Dungeon Crawl Stone Soup version 0.19-a0-1195-ge0bab27 (webtiles) character file.

99 Gelly3 the Slasher (level 4, -3/33 HPs)
             Began as a Merfolk Skald on Aug 19, 2016.
             Slain by a gnoll
             ... wielding a +0 flail
              (12 damage)
             ... on level 2 of the Dungeon.
             The game lasted 00:04:23 (2348 turns).

Gelly3 the Slasher (Merfolk Skald)                  Turns: 2348, Time: 00:04:24

Health: -3/33      AC:  2    Str: 12    XL:     4   Next: 72%
Magic:  14/16      EV: 12    Int: 11    God:
Gold:   81         SH:  0    Dex: 14    Spells: 3 memorised, 1 level left

rFire  . . .     SeeInvis .     a - +1 falchion
rCold  . . .     Gourm    .     h - +0 robe
rNeg   . . .     Faith    .     (no shield)
rPois  .         Spirit   .     (no helmet)
rElec  .         Dismiss  .     (no cloak)
rCorr  .         Reflect  .     n - +0 pair of gloves
MR     .....     Harm     .     (no boots)
Stlth  +.........               (no amulet)
                                (no ring)
                                e - ring of magical power {MP+9}

@: very slightly contaminated
A: change form in water, swift swim, deformed body
a: no special abilities


You were on level 2 of the Dungeon.
You were not hungry.

You visited 1 branch of the dungeon, and saw 3 of its levels.

You collected 81 gold pieces.

Inventory:

Hand Weapons
 a - a +1 falchion (weapon)
Armour
 h - a +0 robe (worn)
   (You found it on level 1 of the Dungeon)
 n - a +0 pair of gloves (worn)
   (You found it on level 2 of the Dungeon)
Jewellery
 e - a ring of magical power (left hand) {MP+9}
   (You found it on level 1 of the Dungeon)
Scrolls
 g - 4 scrolls of identify
 j - a scroll of immolation {!r}
 k - a scroll of enchant weapon
 l - 2 scrolls of fear
Books
 c - a book of Battle
Comestibles
 d - 4 bread rations
 i - a slice of pizza
 m - a beef jerky


   Skills:
 - Level 2.1 Fighting
 + Level 5.2 Long Blades
 - Level 0.6 Armour
 - Level 1.3 Dodging
 - Level 2.0 Spellcasting
 - Level 3.2 Charms


You had one spell level left.
You knew the following spells:

 Your Spells              Type           Power        Failure   Level  Hunger
a - Infusion              Chrm           #...         10%         1    ##.....
s - Shroud of Golubria    Chrm/Tloc      #.........   24%         2    ###....
z - Spectral Weapon       Hex/Chrm       #.......     47%         3    ####...


Dungeon Overview and Level Annotations

Branches:
Dungeon (3/15)

Altars:
Gozag
Ru

Annotations:
D:3 Purgy; Wuag's ghost, amateur DrTm


Innate Abilities, Weirdness & Mutations

You revert to your normal form in water.
You are very nimble and swift while swimming.
Armour fits poorly on your strangely shaped body.


Message History

Tha gnoll closely misses ye.
Ye riposte.
Ye hit tha gnoll.
Ye kill tha gnoll!
Yer Long Blades skill increases ta level 5!
Tha gnoll barely misses ye.
Ye riposte.
Ye hit tha gnoll but do nay damage.
Tha gnoll be heavily wounded.
Ye hit tha gnoll.
Tha gnoll be severely wounded.
Tha gnoll hits ye wit' a club.
Ye barely miss tha gnoll.
Tha gnoll be severely wounded.
Tha gnoll hits ye wit' a club.
Ye hit tha gnoll.
Tha gnoll be almost dead.
Tha gnoll misses ye.
Ye riposte.
Ye hit tha gnoll.
Ye kill tha gnoll!
Nay target in view!
Thin's tha be 'ere: a club; a gnoll corpse Ye butcher tha gnoll corpse.
f - a chunk o' flesh Thin's tha be 'ere: a club; a gnoll skeleton Thar be a stone staircase leadin' down 'ere.
Ye swin' at nuthin'.
Ye swin' at nuthin'.
Ye swin' at nuthin'.
Ye swin' at nuthin'.
Ye start restin'.
HP restored.
Unknown command.
Ye climb downwards.
Level annotation: Purgy; Wuag's ghost, amateur DrTm Tha rat barely misses ye.
Ye riposte.
Ye hit tha rat.
Ye kill tha rat!
Tha gnoll hits ye wit' a flail.
Thar be a stone staircase leadin' up 'ere.
Unknown command.
Unknown command.
Tha gnoll hits ye wit' a flail.
Tha ball python bites ye but does nay damage.
Tha ball python closely misses ye.
Tha gnoll hits ye wit' a club.
Ye climb upwards.
Thar be a stone staircase leadin' down 'ere.
Unknown command.
Unknown command.
Unknown command.
Tha ball python closely misses ye.
Ye riposte.
Ye barely miss tha ball python.
Tha ball python closely misses ye.
Ye op'n tha door.
Tha ball python closely misses ye.
Ye riposte.
Ye hit tha ball python.
Ye kill tha ball python!
Tha gnoll hits ye wit' a flail!
A worm comes inta view.
Thar be an op'n door 'ere.
Unknown command.
Ye closely miss tha gnoll.
Tha gnoll barely misses ye.
Ye riposte.
Ye hit tha gnoll but do nay damage.
Ye slash tha gnoll!
Tha gnoll be heavily wounded.
Tha gnoll hits ye wit' a club.
* * * LOW HITPOINT WARNIN'
* * * Okay, than.
It was a potion o' mutation.
Ye feel 'stremely strange.
Yer body twists an' deforms.
Slimy gre'n scales grow o'er part o' yer body.
Yer slimy gre'n scales disappear.
Tha gnoll hits ye wit' a club.
* * * LOW HITPOINT WARNIN'
* * * As ye read tha scroll o' fear, it crumbles ta dust.
Ye assume a fearsome visage.
Tha worm looks frighten'd!
Tha gnoll looks frighten'd! x2
Unknown command.
Ye be feelin' hungry.
Ye start restin'.
Eatin' a chunk o' flesh.
Ye start eatin' tha chunk o' flesh.
Ye continue eatin'. x2
Ye finish eatin'. 'tis raw flesh tastes terrible.
Ye swin' at nuthin'.
Ye swin' at nuthin'.
Ye swin' at nuthin'.
Ye swin' at nuthin'.
Ye completely miss tha gnoll.
Tha gnoll misses ye.
Ye riposte.
Ye hit tha gnoll.
Tha gnoll be lightly wounded.
Ye hit tha gnoll but do nay damage.
Tha gnoll be lightly wounded.
Ye slash tha gnoll!
Tha gnoll be severely wounded.
Tha gnoll hits ye wit' a flail!
* * * LOW HITPOINT WARNIN'
* * * Unknown command.
Tha gnoll misses ye.
Ye riposte.
Ye hit tha gnoll but do nay damage.
Tha gnoll be severely wounded.
Ye ar'n't carryin' any items tha ye can evoke.
Castin': Shroud o' Golubria Confirm wit' . or Enter, or press ? or * ta list all spells.
Ye miscast Shroud o' Golubria.
Ye be very lightly contaminated wit' residual magic.
Nuthin' appears ta happ'n.
Tha gnoll hits ye wit' a flail!
Ye die...

#########
################.......#
.......................#
##.....#########.#####.#
#.###.#
#.##.##.########## #.#
#.# #.#......[.....##.
##.###.#
#g##.##.######....
.......##### #@##.##.#
###.. .#.##......#
#.......# #...
##.###.###.# ####.####
##.. ##.....# #)# #.#
##. ####### #.# #.# #.
#.# #.# #. # #.# #.# ##+
## ####.#### #.# ##..
.## #.......# #.####
##...


You could see a gnoll.

Vanquished Creatures
  Ijyb (D:2)
  2 gnolls (D:2)
  An adder (D:2)
  2 dart slugs
  4 giant geckos
  9 goblins
  3 hobgoblins
  5 kobolds
  A ball python (D:2)
  6 bats
  4 rats
38 creatures vanquished.

Notes
Turn   | Place    | Note
-------+----------+-------------------------------------------
     0 | D:1      | Gelly3 the Merfolk Skald began the quest for the Orb.
     0 | D:1      | Reached XP level 1. HP: 16/16 MP: 3/3
   368 | D:1      | Reached XP level 2. HP: 19/22 MP: 5/5
   399 | D:1      | Reached skill level 3 in Long Blades
   905 | D:2      | Reached XP level 3. HP: 26/27 MP: 6/6
   996 | D:2      | Found an opulent altar of Gozag.
  1047 | D:2      | Learned a level 2 spell: Shroud of Golubria
  1051 | D:2      | Learned a level 3 spell: Spectral Weapon
  1222 | D:2      | Reached skill level 4 in Long Blades
  1454 | D:2      | Found a sacrificial altar of Ru.
  1491 | D:2      | Noticed Ijyb
  1524 | D:2      | Killed Ijyb
  1524 | D:2      | Reached XP level 4. HP: 25/33 MP: 7/7
  1969 | D:3      | Noticed Purgy
  1969 | D:3      | Noticed Wuag's ghost (amateur DrTm)
  2153 | D:2      | Reached skill level 5 in Long Blades
  2218 | D:2      | Gained mutation: Armour fits poorly on your strangely shaped body. [potion of mutation]
  2218 | D:2      | Gained mutation: You are partially covered in slimy green scales. (AC +2) [potion of mutation]
  2218 | D:2      | Lost mutation: You are partially covered in slimy green scales. (AC +2) [potion of mutation]
  2218 | D:2      | HP: 4/33 [gnoll/club (5)]
  2307 | D:2      | HP: 5/33 [gnoll/flail (9)]
  2348 | D:2      | Slain by a gnoll

Vault maps used:
D:1:      co_arrival_hexagon_in_a_hexagon
D:2:      nicolae_ru_sacrificial_ziggurat, first_bread, grunt_gozag_breadcrumbs,
          uniq_iyjb
D:3:      uniq_purgy

Skill      XL: |  1  2  3  4 |
---------------+-------------+-----
Long Blades    | 3 4 5 |  5.2
Fighting       | |  2.1
Armour         | |  0.6
Dodging        | |  1.3
Spellcasting   | |  2.0
Charms         | |  3.2

Action                   |  1- 3 |  4- 6 || total
-------------------------+-------+-------++-------
Melee: Falchion          |   137 |    44 ||   181
 Cast: Infusion          |     1 |       ||     1
       Shroud of Golubri |     1 |       ||     1
  Use: Scroll            |       |     5 ||     5
       Potion            |       |     1 ||     1
 Stab: Sleeping          |     3 |     1 ||     4
  Eat: Chunk             |     2 |     3 ||     5
Armor: Robe              |    16 |    10 ||    26
       Leather armour    |     1 |       ||     1
Dodge: Dodged            |    66 |    32 ||    98

Vault maps used:
D:1:      co_arrival_hexagon_in_a_hexagon
D:2:      nicolae_ru_sacrificial_ziggurat, first_bread, grunt_gozag_breadcrumbs,
          uniq_iyjb
D:3:      uniq_purgy

Table legend:
 A = Turns spent in this place as a percentage of turns spent in the entire game.
 B = Non-inter-level travel turns spent in this place as a percentage of non-inter-level travel turns spent in the entire game.
 C = Inter-level travel turns spent in this place as a percentage of turns spent in this place.
 D = Turns resting spent in this place as a percentage of non-inter-level travel turns spent in this place.
 E = Turns spent auto-exploring this place as a percentage of non-inter-level travel turns spent in this place.
 F = Non-inter-level travel turns spent in this place divided by the number of levels of this place that you've seen.
                   A       B       C       D       E      F
               +-------+-------+-------+-------+-------+----------------------
         Total | 100.0 | 100.0 |   0.7 |   3.3 |  10.8 | 200.3
       Dungeon | 100.0 | 100.0 |   0.7 |   3.3 |  10.8 | 200.3
               +-------+-------+-------+-------+-------+----------------------

Table legend:
 A = Kills in this place as a percentage of kills in entire the game.
 B = Kills by you in this place as a percentage of kills by you in the entire game.
 C = Kills by friends in this place as a percentage of kills by friends in the entire game.
 D = Other kills in this place as a percentage of other kills in the entire game.
 E = Experience gained in this place as a percentage of experience gained in the entire game.
 F = Experience gained in this place divided by the number of levels of this place that you have seen.
                   A       B       C       D       E      F
               +-------+-------+-------+-------+-------+----------------------
         Total | 100.0 | 100.0 |  -nan |  -nan | 100.0 |  47.3
       Dungeon | 100.0 | 100.0 |  -nan |  -nan | 100.0 |  47.3
               +-------+-------+-------+-------+-------+----------------------
